 Dungeon Crawl Stone Soup version 0.27.1-33-g824d729ab1 (webtiles) character file.

Game seed: 9952630600314812521

257 porpoise the Skirmisher (level 5, -2/50 HPs)
             Began as a Minotaur Chaos Knight on Dec 23, 2021.
             Was a Plaything of Xom.
             Slain by a meliai (shapeshifter) (7 damage)
             ... on level 4 of the Dungeon.
             The game lasted 00:12:26 (3000 turns).

porpoise the Skirmisher (Minotaur Chaos Knight)     Turns: 3000, Time: 00:12:28

Health: -2/50      AC:  9    Str: 23    XL:     5   Next: 93%
Magic:  4/4        EV:  8    Int:  9    God:    Xom [....*.]
Gold:   160        SH:  0    Dex: 10    Spells: 4/4 levels left

rFire    . . .     SeeInvis .   a - +0 hand axe (chaos)
rCold    + . .     Faith    .   (no shield)
rNeg     . . .     Spirit   .   k - +0 chain mail
rPois    .         Reflect  .   (helmet unavailable)
rElec    .         Harm     .   (no cloak)
rCorr    .         Rampage  .   (no gloves)
Will     ++...                  (no boots)
Stlth    ..........             (no amulet)
HPRegen  0.16/turn              o - +6 ring of strength
MPRegen  0.09/turn              p - ring of protection from cold

@: hasted, very quick
A: horns 3, retaliatory headbutt, strong-willed 2
a: Renounce Religion


You were on level 4 of the Dungeon.
You worshipped Xom.
You were a beloved toy of Xom.
You visited 1 branch of the dungeon, and saw 4 of its levels.

You collected 160 gold pieces.

Inventory:

Hand Weapons
 a - a +0 hand axe of chaos (weapon)
 b - a +0 hunting sling
 l - a +1 spear of flaming
Missiles
 d - 64 stones (quivered)
 g - 52 arrows
Armour
 k - a +0 chain mail (worn)
 n - a +2 leather armour
Jewellery
 o - a +6 ring of strength (left hand)
 p - a ring of protection from cold (right hand)
Scrolls
 c - a scroll of fear {unknown}
 f - a scroll of enchant armour {unknown}
 h - a scroll of magic mapping {unknown}
 i - 2 scrolls of noise
 m - a scroll of identify
 q - a scroll of blinking {unknown}
Potions
 e - 3 potions of brilliance


   Skills:
 + Level 6.2 Fighting
 - Level 6.0 Axes
 + Level 3.0 Armour
 - Level 1.1 Dodging


You had 4 spell levels left.
You didn't know any spells.
Your spell library contained the following spells:

 Spells                   Type           Power      Damage    Failure   Level
 Chain Lightning          Conj/Air       0%         N/A       100%        9
 Fire Storm               Conj/Fire      0%         5d1       100%        9


Dungeon Overview and Level Annotations

Branches:
Dungeon (4/15)
 Temple: D:4-7

Altars:
Sif Muna
Xom

Shops:
D:2 =

Annotations:
D:1 |dig


Innate Abilities, Weirdness & Mutations

You have a pair of large horns on your head.
You reflexively headbutt those who attack you in melee.
You are highly strong-willed. (Will++)


Message History

The jumping spider pounces on you.
You are caught in a web!
The jumping spider bites you but does no damage.
You are caught in a web!
You are caught in a web!
The web tears apart.
The jumping spider leaps!
The jumping spider leaps! "Hum-dee-hum-dee-hum..."
The jumping spider seems to slow down.
The jumping spider leaps!
You hear the slow rusting of a distant drain.
Found a book of the Sky.
There is a stone staircase leading down here.
The jumping spider leaps!
You enter the shallow water.
Moving in this stuff is going to be slow.
Found a leather armour.
The jumping spider leaps!
The jumping spider leaps!
The jumping spider barely misses you. x2; The jumping spider pounces on you!
You are caught in a web!
The jumping spider bites you. The jumping spider pounces on you.
The jumping spider bites you. The jumping spider barely misses you.
You furiously retaliate!
You headbutt the jumping spider! The jumping spider bites you.
Your unstable footing causes you to fumble your attack.
The jumping spider leaps!
The jumping spider changes into a meliai!
Found a scroll of identify.
You hit the meliai but do no damage.
The meliai is poisoned.
Your headbutt misses the meliai.
The meliai is lightly wounded.
The meliai hits you. The meliai barely misses you. The meliai hits you!
* * * LOW HITPOINT WARNING * * *
The meliai stings you but does no damage.
You feel yourself speed up. The meliai hits you.
* * * LOW HITPOINT WARNING * * *
The meliai stings you.
* * * LOW HITPOINT WARNING * * *
The meliai hits you!
You die...
Xom chuckles heartily!

.... #? ... ≈ #....#
.##.##.. .§ ..:..
.......#. .... ##. .....
...# #.. ...# ...#
#.####..# ...# #.....[.#
...########....#@.#
.>....≈≈≈≈≈≈≈≈.#y.#
..≈≈≈≈≈≈≈≈≈≈≈≈≈≈≈.....
≈≈≈≈≈≈≈≈≈≈≈≈≈≈≈≈≈≈≈...
≈≈≈≈≈≈≈≈≈≈≈≈≈≈≈≈≈≈≈≈≈...
≈≈≈≈≈≈≈≈###.≈≈≈≈≈≈≈≈≈≈##
≈≈≈≈##### ###..≈≈≈≈≈≈≈≈#
≈..## #.###≈≈≈≈≈≈# #.##
#.# ##≈≈≈


You could see a meliai shaped shifter (poisoned).

Vanquished Creatures
  An ogre (D:2)
  8 gnolls
  An adder (D:2)
  2 worms
  A dart slug (D:1)
  3 orcs
  3 ball pythons
  8 bats
  7 endoplasms
  2 giant cockroaches
  2 goblins (D:1)
  4 hobgoblins
  10 jackals
  3 quokkas
  2 frilled lizards
  9 kobolds
  8 rats
74 creatures vanquished.

Notes
Turn   | Place    | Note
-------+----------+-------------------------------------------
     0 | D:1      | porpoise the Minotaur Chaos Knight began the quest for the
                  | Orb.
     0 | D:1      | Reached XP level 1. HP: 19/19 MP: 0/0
     9 | D:1      | XOM: divination: detect creatures
   300 | D:1      | Reached XP level 2. HP: 27/27 MP: 1/1
   583 | D:1      | XOM: divination: magic mapping
   591 | D:1      | XOM: silly message
   681 | D:1      | Reached XP level 3. HP: 23/34 MP: 2/2
   924 | D:1      | XOM: silly message
   942 | D:1      | XOM: silly message
  1046 | D:2      | Noticed an ogre
  1046 | D:2      | XOM: potion effect (brilliance)
  1048 | D:2      | XOM: potion effect (haste)
  1049 | D:2      | XOM: divination: detect items
  1051 | D:2      | Killed an ogre
  1052 | D:2      | Reached skill level 5 in Fighting
  1052 | D:2      | Reached skill level 5 in Axes
  1052 | D:2      | Reached XP level 4. HP: 29/42 MP: 3/3
  1249 | D:2      | Found a shimmering altar of Xom.
  1257 | D:2      | Found Lili's Jewellery Emporium.
  1492 | D:2      | XOM: divination: magic mapping
  1612 | D:2      | Reached XP level 5. HP: 44/48 MP: 4/4
  1788 | D:2      | XOM: potion effect (might)
  1792 | D:2      | XOM: potion effect (invisibility)
  2095 | D:3      | XOM: silly message
  2156 | D:3      | XOM: enchant monster (good)
  2255 | D:3      | Found a shimmering blue altar of Sif Muna.
  2383 | D:3      | XOM: scenery: summon butterflies
  2553 | D:3      | XOM: god gift: scroll of noise
  2631 | D:3      | XOM: give mutations
  2631 | D:3      | Gained mutation: You have a pair of large horns on your
                  | head. [Xom's grace]
  2631 | D:3      | Gained mutation: You are strong-willed. (Will+) [Xom's
                  | grace]
  2631 | D:3      | Gained mutation: You are highly strong-willed. (Will++)
                  | [Xom's grace]
  2949 | D:4      | Noticed a black bear
  2949 | D:4      | XOM: confuse monster(s)
  2952 | D:4      | Noticed a shapeshifter
  2952 | D:4      | a black bear changed into a shapeshifter
  2952 | D:4      | XOM: polymorph black bear -> shapeshifter
  2952 | D:4      | Noticed a jumping spider
  2952 | D:4      | a shapeshifter changed into a jumping spider
  2957 | D:4      | XOM: enchant monster (good)
  2996 | D:4      | Noticed a meliai
  2996 | D:4      | a jumping spider changed into a meliai
  3000 | D:4      | Slain by a meliai (shapeshifter)

Illustrated notes

Levels and vault maps discovered:
D:1:      dpeg_arrival_stone_temple_mockup, layout_rooms, serial_glass,
          glass_columns_a, glass_columns_a, due_unseen_surprise, feat_on_display
D:2:      layout_loops_ring, basic_altar, serial_shops, shop,
          minmay_misc_feat_cross, nrook_loot_triangle
D:3:      layout_basic, lemuel_round_altar, minmay_box_of_dots
D:4:      wander_river, layout_loops_cross, lemuel_round_altar,
          mainiacjoe_overflow_paths, mainiacjoe_overflow_brackets,
          gup_sewer_entry_bowl, uniq_blork_the_orc

Skill      XL: |  1  2  3  4  5 |
---------------+----------------+-----
Fighting       | 4 5 6 |  6.2
Axes           | 4 5 6 |  6.0
Armour         | 3 |  3.0
Dodging        | |  1.1

Action                   |  1- 3 |  4- 6 || total
-------------------------+-------+-------++-------
Melee: Hand axe          |    56 |   111 ||   167
       Headbutt          |     7 |    21 ||    28
 Fire: Hunting sling     |       |     8 ||     8
  Use: Scroll            |       |     3 ||     3
       Potion            |       |     1 ||     1
 Stab: Petrified         |       |     4 ||     4
       Petrifying        |       |     1 ||     1
       Paralysed         |       |     1 ||     1
Armor: Leather armour    |    22 |    11 ||    33
       Chain mail        |       |    23 ||    23
Dodge: Dodged            |    25 |    53 ||    78
